 Dungeon Crawl Stone Soup version 0.28.0-49-g6dfe1f597d (webtiles) character file.

Game seed: 18386433660609943822

607740 CryoSword the Slayer (level 27, -5/214 (254) HPs)
             Began as a Ghoul Earth Elementalist on May 10, 2022.
             Was the Champion of Ru.
             Slain by a freezing wraith (7 damage)
             ... on level 5 of the Abyss on May 12, 2022.
             The game lasted 06:15:23 (125495 turns).

CryoSword the Slayer (Ghoul Earth Elementalist)   Turns: 125495, Time: 06:15:24

HP:   -5/214 (254)  AC: 37    Str: 28 (29) XL:     27
MP:   34/34         EV:  8    Int: 16 (17) God:    Ru [******]
Gold: 3874          SH:  0    Dex: 11      Spells: 10/42 levels left

rFire   + . .      SeeInvis .   c - +6 lajatang (vamp)
rCold   + . .      Faith    .   (shield currently unavailable)
rNeg    + + +      Spirit   .   R - +10 plate armour {Will+}
rPois   ∞          Reflect  .   J - +2 helmet {Int+3}
rElec   .          Harm     .   C - scarf {repulsion}
rCorr   .          Rampage  .   U - +2 pair of gloves {hurl}
Will    +++..                   e - +2 pair of boots
Stlth   ..........              Z - amulet "Biabb" {rF+ Regen+ Str+7 Slay+3}
HPRegen 0.00/turn               o - +4 ring of slaying
MPRegen 0.24/turn               B - +6 ring of strength

@: exhausted, inhibited regen, studying 3 skills, heavily drained, repel
missiles
A: claws 1, cold resistance 1, dopey 1, negative energy resistance 3, inhibited
regeneration, torment resistance 2, weak 1, no stealth, hated by all, inability
to train dodging, unskilled 1, missing an eye
}: 3/15 runes: barnacled, slimy, gossamer
a: Renounce Religion, Draw Out Power, Power Leap, Apocalypse


You were on level 5 of the Abyss.
You worshipped Ru.
Ru was exalted by your worship.
You visited 11 branches of the dungeon, and saw 52 of its levels.
You visited the Abyss 2 times.
You also visited: Trove, Bailey and Wizlab.

You collected 6928 gold pieces.
You spent 3054 gold pieces at shops.

Inventory:

Hand Weapons
 a - the +8 glaive of the Guard {elec, spectral, AC+5}
   (You found it on level 4 of the Vaults)

   It occasionally discharges a powerful burst of electricity upon striking a
   foe.
   When it strikes, its spirit leaps out and fights alongside the wielder.
   AC:        It affects your AC (+5).
 b - a +7 vampiric demon trident
   (You took it off a merfolk impaler on level 3 of the Shoals)
 c - a +6 vampiric lajatang (weapon)
   (You took it off Agnes on level 2 of the Vaults)
Missiles
 D - 4 curare-tipped darts
 V - 9 throwing nets (quivered)
 Y - 4 silver boomerangs
Armour
 e - a +2 pair of boots (worn)
   (You found it on level 1 of the Vaults)
 C - a scarf of repulsion (worn)
   (You found it on level 4 of the Spider Nest)
 J - a +2 helmet of intelligence (worn)
   (You found it in a bailey)
 L - +1 gold dragon scales
   (You found it on level 3 of the Depths)
 N - a +2 kite shield
   (You found it on level 3 of the Elven Halls)
 R - a +10 plate armour of willpower (worn)
   (You took it off an orc warrior in a bailey)
 U - a +2 pair of gloves of hurling (worn)
   (You bought it in a shop on level 2 of the Orcish Mines)
Magical Staves
 S - a staff of earth
   (You found it on level 1 of the Dungeon)
Jewellery
 d - the ring of the Mage {Wiz Archmagi}
   (You found it in a treasure trove)

   [ring of wizardry]

   It improves your spell success rate.
   Archmagi:  It increases the power of your magical spells.
 f - a +6 ring of dexterity
   (You found it on level 1 of the Vaults)
 i - a ring of protection from fire
   (You found it on level 3 of the Elven Halls)
 l - a ring of see invisible
   (You found it on level 1 of the Crypt)
 o - a +4 ring of slaying (left hand)
   (You found it on level 2 of the Vaults)
 w - a +6 ring of intelligence
   (You found it in a treasure trove)
 x - a +6 ring of dexterity
   (You found it on level 3 of the Lair of Beasts)
 y - a ring of protection from cold
   (You took it off a merfolk on level 2 of the Shoals)
 B - a +6 ring of strength (right hand)
   (You found it on level 9 of the Dungeon)
 E - the ring "Cibosapn" {Contam Fly rElec rN+ Int+3 Dex+4}
   (You found it on level 3 of the Crypt)

   [ring of positive energy]

   Int:       It affects your intelligence (+3).
   Dex:       It affects your dexterity (+4).
   rElec:     It insulates you from electricity.
   rN:        It protects you from negative energy.
   Fly:       It grants you flight.
   Contam:    It causes magical contamination when unequipped.
 Q - a ring of resist corrosion
   (You found it on level 3 of the Lair of Beasts)
 T - the necklace of Bloodlust {*Rage Will++ Int-3 Slay+6}
   (You found it on level 3 of the Depths)

   [amulet of nothing]

   It extends the wearer's berserk rage when killing foes.
   Int:       It affects your intelligence (-3).
   Slay:      It affects your accuracy & damage with ranged weapons and melee
   (+6).
   *Rage:     It berserks you when you make melee attacks (+50% chance).
   Will:      It greatly increases your willpower.
 Z - the amulet "Biabb" (around neck) {rF+ Regen+ Str+7 Slay+3}
   (You took it off a merfolk on level 4 of the Shoals)

   [amulet of regeneration]

   Str:       It affects your strength (+7).
   Slay:      It affects your accuracy & damage with ranged weapons and melee
   (+3).
   rF:        It protects you from fire.
   Regen:     It increases your rate of health regeneration.
Wands
 n - a wand of iceblast (20)
   (You found it on level 1 of the Lair of Beasts)
 F - a wand of acid (11)
   (You found it on level 1 of the Vaults)
Scrolls
 g - 12 scrolls of teleportation {@r4}
 k - 2 scrolls of blinking
 m - 10 scrolls of fog
 p - 3 scrolls of magic mapping
 I - 3 scrolls of fear
 O - a scroll of silence
Potions
 h - 6 potions of cancellation
 q - 2 potions of resistance
 r - 9 potions of ambrosia
 u - 3 potions of brilliance
 v - 9 potions of attraction {!q}
 G - 4 potions of magic
 M - 3 potions of might
 P - 12 potions of curing {@q1}
Miscellaneous
 j - a condenser vane (inert)
   (You found it on level 3 of the Elven Halls)
 z - a lightning rod (4/4) {!a}
   (You found it on level 3 of the Elven Halls)


   Skills:
 - Level 22.2 Fighting
 - Level 8.0 Short Blades
 - Level 3.8(13.2) Axes
 - Level 9.1(12.3) Maces & Flails
 * Level 17.4(19.1) Polearms
 - Level 12.4(17.3) Staves
 + Level 15.0 Armour
 - Level 6.7 Shields
 - Level 0.1 Unarmed Combat
 - Level 8.0 Spellcasting
 - Level 9.0 Conjurations
 - Level 6.0 Translocations
 - Level 8.0 Transmutations
 - Level 16.0 Earth Magic
 - Level 7.0 Evocations


You had 10 spell levels left.
You knew the following spells:

 Your Spells              Type           Power      Damage    Failure   Level
a - Stone Arrow           Conj/Erth      92%        3d12      1%          3
b - Petrify               Tmut/Erth      44%        N/A       4%          4
c - Lee's Rapid Deconstr  Erth           27%        3d16*     2%          5
B - Blink                 Tloc           50%        N/A       9%          2
D - Irradiate             Conj/Tmut      16%        3d18      50%         5
E - Borgnjor's Vile Clut  Necr/Erth      16%        N/A       56%         5
F - Iron Shot             Conj/Erth      23%        9d5       52%         6
P - Passwall              Tmut/Erth      36%        N/A       1%          2

Your spell library contained the following spells:

 Spells                   Type           Power      Damage    Failure   Level
 Magic Dart               Conj           100%       1d8       1%          1
 Sandblast                Erth           100%       2d20      1%          1
 Sting                    Tmut/Pois      76%        1d6       13%         1
 Static Discharge         Conj/Air       20%        N/A       16%         2
 Gell's Gravitas          Tloc           25%        N/A       17%         3
 Lesser Beckoning         Tloc           25%        N/A       17%         3
 Teleport Other           Tloc           25%        N/A       17%         3
 Leda's Liquefaction      Hex/Erth       16%        N/A       24%         4
 Iskenderun's Mystic Bla  Conj/Tloc      30%        2d8       30%         4
 Iskenderun's Battlesphe  Conj           35%        2d9       41%         5
 Mephitic Cloud           Conj/Pois/Air  16%        N/A       50%         3
 Portal Projectile        Hex/Tloc       32%        N/A       50%         3
 Passage of Golubria      Tloc           25%        N/A       50%         4
 Pain                     Necr           24%        1d5       54%         1
 Slow                     Hex            24%        N/A       54%         1
 Corpse Rot               Necr/Air       12%        N/A       69%         2
 Ensorcelled Hibernation  Hex/Ice        12%        N/A       69%         2
 Poisonous Vapours        Pois/Air       12%        N/A       69%         2
 Scorch                   Fire           12%        2d5       69%         2
 Flame Wave               Conj/Fire      20%        2d7       71%         4
 Fulminant Prism          Conj/Hex       10%        3d9       71%         4
 Hailstorm                Conj/Ice       20%        3d6       71%         4
 Sticky Flame             Conj/Fire      20%        2d4       71%         4
 Manifold Assault         Tloc           25%        N/A       83%         5
 Confusing Touch          Hex            6%         N/A       89%         3
 Inner Flame              Hex/Fire       6%         N/A       89%         3
 Swiftness                Air            6%         N/A       89%         3
 Vampiric Draining        Necr           6%         2d6       89%         3
 Fireball                 Conj/Fire      10%        3d6       96%         5
 Alistair's Intoxication  Tmut/Pois      12%        N/A       98%         5
 Yara's Violent Unravell  Hex/Tmut       9%         3d6       98%         5
 Airstrike                Air            3%         N/A       100%        4
 Anguish                  Hex/Necr       3%         N/A       100%        4
 Cause Fear               Hex            3%         N/A       100%        4
 Dispel Undead            Necr           6%         3d8       100%        4
 Metabolic Englaciation   Hex/Ice        3%         N/A       100%        5
 Silence                  Hex/Air        3%         N/A       100%        5
 Conjure Ball Lightning   Conj/Air       10%        3x3d6     100%        6
 Dispersal                Tloc           12%        N/A       100%        6
 Eringya's Noxious Bog    Tmut/Pois      9%         N/A       100%        6
 Enfeeble                 Hex            3%         N/A       100%        7
 Orb of Destruction       Conj           17%        9d7       100%        7
 Ozocubu's Refrigeration  Ice            3%         4d5       100%        7
 Discord                  Hex            3%         N/A       100%        8
 Lehudib's Crystal Spear  Conj/Erth      23%        10d6      100%        8
 Maxwell's Capacitive Co  Air            3%         ∞         100%        8
 Chain Lightning          Conj/Air       10%        3d13      100%        9
 Spider Form              Tmut/Pois      Unusable   N/A       N/A         3
 Animate Skeleton         Necr           Unusable   N/A       N/A         1
 Summon Small Mammal      Summ           Unusable   N/A       N/A         1
 Blade Hands              Tmut           Unusable   N/A       N/A         5
 Statue Form              Tmut/Erth      Unusable   N/A       N/A         6
 Call Canine Familiar     Summ           Unusable   N/A       N/A         3
 Summon Guardian Golem    Hex/Summ       Unusable   N/A       N/A         3
 Summon Lightning Spire   Summ/Air       Unusable   N/A       N/A         4
 Summon Mana Viper        Hex/Summ       Unusable   N/A       N/A         5
 Summon Cactus Giant      Summ           Unusable   N/A       N/A         6
 Dragon Form              Tmut           Unusable   N/A       N/A         7
 Storm Form               Tmut/Air       Unusable   N/A       N/A         7

Dungeon Overview and Level Annotations

Branches:
Dungeon (15/15)            Temple (1/1) D:7            Lair (6/6) D:11
 Shoals (4/4) Lair:3       Spider (4/4) Lair:4        Slime (5/5) Lair:5
    Orc (2/2) D:11            Elf (3/3) Orc:2        Vaults (5/5) D:13
  Crypt (3/3) Vaults:3       Tomb (0/3) Crypt:3      Depths (4/4) D:15
    Zot (0/5) Depths:4     Bailey (visited)          WizLab (visited)

Altars:
Ashenzari
Cheibriados
Dithmenos
Elyvilon
Fedhas
Gozag
Hepliaklqana
Kikubaaqudgha
Makhleb
Nemelex Xobeh
Okawaru
Qazlal
Ru
Sif Muna
Trog
Uskayaw
Vehumet
Wu Jian
Xom
Yredelemnul
Zin
The Shining One
Beogh
Jiyva
Lugonu

Shops:
D:6 (   D:11 ?   Orc:2 [[((   Elf:1 *   Vaults:2 ?   Vaults:3 (

Portals:
Hell: Depths:1 Depths:3 Depths:4
Abyss: Depths:3
Pandemonium: Depths:2 Depths:3
Ziggurat: Depths:2

Annotations:
Depths:2 exclusions: 2 hell hogs, hell knight and 2 more exclusions


Innate Abilities, Weirdness & Mutations

You thrive by killing the living.
You are immune to poison.
You have sharp fingernails.
Your flesh is cold resistant. (rC+)
You are dopey. (Int -2)
You are immune to negative energy. (rN+++)
You do not regenerate when monsters are visible.
You are immune to unholy pain and torment.
You are weak. (Str -2)
You cannot be stealthy.
You are hated by all.
You cannot train Dodging skill.
You are somewhat unskilled. (-1 Apt)
You are missing an eye, making it more difficult to aim.


Message History

The smoke demon hits you but does no damage. x3
A spatial vortex comes into view.
You slash the smoke demon!
Your +8 glaive of the Guard {elec, spectral, AC+5} closely misses the smoke demon.
A guardian serpent comes into view.
The smoke demon gestures at you. The sticky flame misses you.
The sticky flame misses your +8 glaive of the Guard {elec, spectral, AC+5}.
The sticky flame hits the wretched star but does no damage.
You slice the smoke demon!!
Lightning courses through the smoke demon!
You kill the smoke demon!
That felt strangely unrewarding.
You redirect the wretched star's attack!
You slice the wretched star!!
Your +8 glaive of the Guard {elec, spectral, AC+5} hits the wretched star from afar!!
You hit the wretched star.
Your +8 glaive of the Guard {elec, spectral, AC+5} hits the wretched star from afar!
You destroy the wretched star!
That felt strangely unrewarding.
You redirect the guardian serpent's attack!
The hellephant blinks!
You swap places.
A spatial vortex comes into view.
A spatial maelstrom comes into view.
A purple draconian shifter comes into view.
It is wielding a +0 dagger.
The hellephant blinks!
You slice the spatial maelstrom!!
Your +8 glaive of the Guard {elec, spectral, AC+5} hits the spatial maelstrom!!
The spatial maelstrom hits you but does no damage. x2
The elephant tramples you but does no damage.
The elephant trunk-slaps you but does no damage.
The hellephant begins to attack, but is stunned by your conviction!
You slice the spatial maelstrom!!
You destroy the spatial maelstrom!
That felt strangely unrewarding.
You hear a trumpeting! x2
You redirect the purple draconian shifter's attack!
You barely miss the hellephant.
Your +8 glaive of the Guard {elec, spectral, AC+5} closely misses the hellephant.
You redirect the hellephant's attack!
The hellephant tramples the elephant but does no damage.
The hellephant bites the elephant!
The hellephant gores the elephant!
You catch the helpless hellephant completely off-guard!
You slice the hellephant like a ripe choko!!!
Your +8 glaive of the Guard {elec, spectral, AC+5} hits the hellephant!
The purple draconian shifter gestures wildly while chanting.
The purple draconian shifter blinks!
The elephant tramples you but does no damage.
The elephant trunk-slaps you but does no damage.
The hellephant breathes flames at you. The blast of flame misses you.
A dire elephant comes into view.
You slash the hellephant!
Your +8 glaive of the Guard {elec, spectral, AC+5} hits the hellephant!!
The elephant tramples you but does no damage.
The elephant trunk-slaps you but does no damage.
The elephant barely misses you.
The elephant trunk-slaps you but does no damage.
The purple draconian shifter gestures at you while chanting.
The flayed ghost blinks!
The dire elephant blinks!
You redirect the hellephant's attack!
The hellephant blinks!
You cut the elephant into ribbons!!!
Your +8 glaive of the Guard {elec, spectral, AC+5} hits the elephant from afar!
Lightning courses through the elephant!
You kill the elephant!
That felt strangely unrewarding.
You feel better.
The dire elephant is stunned by your conviction and fails to attack.
The freezing wraith hits you but does no damage. x2
The elephant tramples you but does no damage.
The elephant completely misses you.
You redirect the flayed ghost's attack!
The flayed ghost barely misses the dire elephant.
The purple draconian shifter begins to cast a spell, but is stunned by your conviction!
You redirect the dire elephant's attack!
The dire elephant tramples the flayed ghost!!
The flayed ghost holds its ground!
The flayed ghost is destroyed!
The elephant tramples you but does no damage.
The elephant closely misses you.
The purple draconian shifter mumbles some strange words.
The purple draconian shifter blinks!
A hellephant comes into view.
You see here an elephant corpse.
You closely miss the freezing wraith.
Your +8 glaive of the Guard {elec, spectral, AC+5} hits the freezing wraith!
The dire elephant trumpets!
The dire elephant tramples you but does no damage.
The dire elephant trunk-slaps you but does no damage.
The dire elephant barely misses your +8 glaive of the Guard {elec, spectral, AC+5}.
The dire elephant trunk-slaps your +8 glaive of the Guard {elec, spectral, AC+5}!
Your spectral weapon shares its damage with you!
* * * LOW HITPOINT WARNING * * *
The freezing wraith barely misses you. x2
The elephant tramples you but does no damage.
The elephant trunk-slaps you but does no damage.
You redirect the dire elephant's attack!
The dire elephant tramples the hellephant but does no damage.
The dire elephant barely misses the hellephant.
The freezing wraith hits you but does no damage.
The freezing wraith hits you.
* * * LOW HITPOINT WARNING * * *
Okay, then.
The purple draconian shifter casts a spell at you.
The spatial vortex blinks into view!
The elephant tramples you.
* * * LOW HITPOINT WARNING * * *
You hold your ground!
The elephant trunk-slaps you but does no damage.
You closely miss the spatial vortex.
You redirect the elephant's attack!
The elephant completely misses itself. x2
You redirect the purple draconian shifter's attack!
You redirect the hellephant's attack!
The hellephant begins to attack, but is stunned by your conviction!
You slice the hellephant!!
Lightning courses through the hellephant!
You kill the hellephant!
That felt strangely unrewarding.
The elephant tramples you but does no damage.
The elephant trunk-slaps you but does no damage.
You redirect the freezing wraith's attack!
The freezing wraith barely misses itself.
The freezing wraith hits itself but does no damage.
The dire elephant barely misses you.
The dire elephant trunk-slaps you but does no damage.
The hellephant tramples you!
* * * LOW HITPOINT WARNING * * *
You hold your ground!
The hellephant bites you.
* * * LOW HITPOINT WARNING * * *
The hellephant gores you but does no damage.
You see here a hellephant corpse.
You barely miss the hellephant.
Your +8 glaive of the Guard {elec, spectral, AC+5} hits the hellephant from afar!
The dire elephant tramples you but does no damage.
The dire elephant trunk-slaps you.
* * * LOW HITPOINT WARNING * * *
The freezing wraith hits you but does no damage. x2
A shining eye comes into view.
The elephant tramples your +8 glaive of the Guard {elec, spectral, AC+5} but does no damage.
The elephant trunk-slaps your +8 glaive of the Guard {elec, spectral, AC+5} but does no damage.
Your spectral weapon disappears.
You feel a sense of dread.
c - a +6 vampiric lajatang (weapon)
The dire elephant tramples you!!
* * * LOW HITPOINT WARNING * * *
You hold your ground!
The dire elephant trunk-slaps you!
* * * LOW HITPOINT WARNING * * *
You redirect the hellephant's attack!
The hellephant blinks!
The freezing wraith hits you!
You die...

#..≈§≈
≈≈≈≈≈§§≈.....
.≈ § §§
≈≈≈≈≈.... ≈≈≈
≈...§..§§§≈§§.
≈≈#≈. #
GY§≈#§≈ . .
≈.. # ##§.≈#
.. ≈#≈ §#
#Y.§# ..
.§≈#.Y8 #8.Y#
....≈§#≈Y #
#YY≈# ..q #W
Y# #@Y≈# .
≈#W§. # #§W§#
. ≈# ≈Y Y
§..≈# ..
.§.≈W≈≈§.§
...≈≈≈≈ . .[.
≈ Y§..v≈§≈≈. .
X. ≈≈
§≈§≈≈≈§≈§....
#.#≈.!N
≈#####≈§§§.≈..
# .. . .N ≈§
≈≈§..§... .
..≈..N§.


You could see a hellephant, 4 dire elephants, an elephant, a shining eye, a
spatial vortex and a freezing wraith.

Vanquished Creatures
  the Royal Jelly (Slime:5)
  A dread lich (Crypt:3)
  Mara (Depths:2)
  2 juggernauts (Depths:3)
  Sojobo (Vaults:1)
  A caustic shrike (Depths:2)
  Bai Suzhen (Elf:3)
  4 golden dragons
  the Enchantress (Depths:3)
  A bone dragon (Abyss:3)
  Rupert (D:13)
  A tentacled monstrosity (Depths:4)
  A hellephant (Abyss:5)
  A Hell Sentinel (Abyss:2)
  The ghost of Aral the Warrior, an adept MiBe of Trog (Shoals:1)
  Jorgrun (D:12)
  A quicksilver dragon (shapeshifter) (D:13)
  A walking earthen tome (Depths:3)
  Asterion (Vaults:1)
  A walking frostbound tome (Depths:3)
  A titan (Depths:2)
  5 liches
  3 deep elf blademasters
  A deep elf master archer (Elf:3)
  17 acid blobs
  3 tentacled starspawn
  A kraken (Shoals:1)
  Agnes (Vaults:2)
  Polyphemus (Shoals:1)
  7 sphinxes
  An ancient champion (Vaults:2)
  2 tengu reavers
  The ghost of Artemis2 the Devastator, an adept DrCj of Vehumet (D:15)
  Gastronok (D:11)
  A storm dragon (Depths:4)
  2 shadow dragons (Vaults:4)
  Roxanne (Spider:2)
  8 frost giants
  16 azure jellies
  5 emperor scorpions
  7 fire giants
  The ghost of CryoSword the Force of Nature, an adept DsMo of Fedhas (Shoals:1)
  14 rockslimes
  5 deep elf sorcerers
  11 vault wardens
  A draconian knight (Vaults:2)
  2 revenants
  An iron dragon (Vaults:4)
  3 cacodemons
  2 balrugs
  3 orc warlords
  An angel (Abyss:3)
  4 ghost moths
  A curse skull (Crypt:3)
  A caustic shrike zombie (Abyss:1)
  A draconian shifter (Depths:4)
  5 spriggan defenders
  10 deep elf elementalists
  21 ironbound preservers
  A juggernaut skeleton (Depths:1)
  A juggernaut zombie (Crypt:1)
  14 stone giants
  A draconian annihilator (Depths:4)
  2 caustic shrike skeletons
  8 ghouls
  3 war gargoyles (Crypt:3)
  9 quicksilver oozes
  47 very ugly things
  A lorocyproca (Abyss:5)
  9 ironbound thunderhulks
  10 vampire knights
  6 deep elf annihilators (Elf:3)
  A dire elephant (Vaults:2)
  7 entropy weavers
  2 purple draconians (Depths:4)
  2 yellow draconians (Depths:4)
  An entropy weaver (shapeshifter) (Vaults:1)
  7 spark wasps
  A red draconian (Depths:4)
  5 deep elf demonologists
  An orange crystal statue (WizLab)
  A crystal guardian (D:13)
  3 eidola
  A blizzard demon (Abyss:5)
  6 deep elf death magi
  6 jiangshi
  5 merfolk javelineers
  10 merfolk impalers
  A green death (Depths:3)
  Josephine (Orc:2)
  6 ettins
  7 yaktaur captains
  7 fire dragons
  Erolcha (D:13)
  The ghost of CryoSword the Cleaver, a journeyman VSBr of Ru (Lair:6)
  2 deep elf high priests
  4 vault guards
  10 great orbs of eyes
  5 hydras
  A peacekeeper (Vaults:1)
  4 rakshasas
  3 boulder beetles
  9 ice dragons
  9 spriggan air magi
  25 centaur warriors
  11 ironbound frosthearts
  3 catoblepae
  2 jorogumos
  3 death knights
  6 merfolk aquamancers
  2 tengu warriors
  7 merfolk avatars
  9 two-headed ogres
  4 satyrs
  A death yak (shapeshifter) (Vaults:4)
  8 deep troll earth magi
  12 death yaks
  A titan zombie (Crypt:1)
  5 thrashing horrors (Abyss:3)
  12 soul eaters
  8 spriggan berserkers
  5 vampire magi
  36 dancing weapons
  17 deep elf knights
  3 orc high priests
  Urug (Orc:2)
  8 sun demons
  5 shadow wraiths
  Sonja (D:11)
  A fire crab (Shoals:4)
  7 wretched stars
  8 sixfirhies
  3 iron trolls (Depths:3)
  A salamander mystic (Depths:2)
  A titan skeleton (Crypt:3)
  A hell knight (Depths:4)
  69 deep trolls
  4 spatial maelstroms
  4 pharaoh ants
  12 sea snakes
  2 glowing orange brains
  10 skeletal warriors
  4 steelbarb worms
  4 sun moths
  A spark wasp zombie (Depths:1)
  9 flayed ghosts
  20 phantasmal warriors
  15 orb spiders
  2 bunyip skeletons
  3 bog bodies
  12 ironbound convokers
  27 deep elf pyromancers
  11 lindwurms
  9 deep elf archers
  7 necromancers
  8 wizards
  24 orc knights
  A shadow dragon skeleton (Vaults:4)
  14 harpies
  A sphinx zombie (Vaults:4)
  32 deep elf zephyrmancers
  A fire giant zombie (Vaults:4)
  6 cyclopes
  28 wolf spiders
  7 orc sorcerers
  2 sphinx skeletons
  A stone giant zombie (Depths:1)
  6 shining eyes
  25 manticores
  7 fauns
  A cyclops (shapeshifter) (Vaults:4)
  43 ugly things
  A manticore (shapeshifter) (Depths:3)
  13 merfolk sirens
  4 stone giant skeletons
  15 large abominations
  2 frost giant skeletons
  2 salamanders (Depths:2)
  14 elephants
  A dire elephant zombie (Abyss:3)
  7 smoke demons
  5 moths of wrath
  An iron dragon skeleton (Crypt:3)
  An apocalypse crab (Abyss:5)
  11 vault sentinels
  15 cane toads
  11 fire giant skeletons
  5 orange demons
  7 black mambas
  8 water nymphs
  5 eyes of devastation (Slime:5)
  A guardian serpent (Abyss:5)
  5 gargoyles
  19 torpor snails
  Maggie (D:10)
  A dire elephant skeleton (Crypt:3)
  3 alligator snapping turtle skeletons (Crypt:3)
  An unseen horror (D:13)
  5 demonic crawlers
  Psyche (D:11)
  4 efreet
  A hellion (Abyss:3)
  A swamp worm zombie (Crypt:1)
  4 kobold demonologists
  23 yaktaurs
  3 yaktaur skeletons (Vaults:3)
  2 rime drakes (Lair:6)
  4 tengu conjurers
  2 ice devils
  An elf skeleton (Vaults:3)
  5 freezing wraiths
  2 komodo dragons
  5 ancient zymes
  A hellwing (Depths:3)
  5 red devils
  7 trolls
  A harpy zombie (Crypt:3)
  6 meliai
  A polar bear (Lair:4)
  A meliai (shapeshifter) (Depths:2)
  33 tarantellas
  7 hornets
  5 raiju
  8 wind drakes
  12 blink frogs
  43 merfolk
  A dream sheep (shapeshifter) (D:14)
  4 spriggan zombies
  5 human skeletons
  19 snapping turtles
  A satyr zombie (Crypt:1)
  4 dream sheep
  122 slime creatures
  35 jumping spiders
  6 fire dragon skeletons (Crypt:3)
  7 flying skulls
  3 air elementals
  A centaur simulacrum (D:14)
  6 vampires
  30 culicivoras
  5 ynoxinuls
  18 shadows
  4 spriggans (Depths:3)
  32 yaks
  13 water elementals
  A fire elemental (Elf:1)
  17 wraiths
  2 fire bats (Shoals:4)
  4 neqoxecs (Abyss:3)
  3 chaos spawn
  4 wyverns
  8 golden eyes
  6 basilisks
  74 redbacks
  A black mamba skeleton (Crypt:2)
  Edmund (D:4)
  A naga zombie (Abyss:3)
  2 acid dragons (D:12)
  4 wargs
  5 spatial vortices
  12 water moccasins
  A human zombie (D:15)
  A sky beast (D:6)
  46 orc warriors
  2 ice beasts
  A black bear (D:6)
  2 necrophages
  4 ogres
  13 centaurs
  49 wolves
  2 phantoms
  A lindwurm skeleton (Crypt:2)
  A yaktaur zombie (Crypt:2)
  The ghost of Cykl0x the Digger, an amateur GrEE (D:3)
  2 kobold brigands (D:9)
  2 gnoll sergeants
  Blork the orc (D:6)
  A scorpion (D:7)
  A cyclops zombie (Crypt:2)
  12 bullfrogs
  2 earth elementals (Elf:1)
  6 small abominations
  A warg skeleton (Crypt:2)
  2 water moccasin skeletons
  8 wights
  7 electric eels
  2 bullfrog zombies
  3 centaur zombies
  2 quasits (Abyss:3)
  40 starcursed masses
  2 centaur skeletons
  13 jellies
  18 orc priests
  Crazy Yiuf (D:3)
  5 iguanas
  Natasha (thrice) (D:3)
  12 hell rats
  27 orc wizards
  2 scorpion zombies (D:5)
  A killer bee zombie (D:6)
  An acid dragon zombie (Crypt:2)
  A naga skeleton (Crypt:2)
  A deep dwarf skeleton (Crypt:1)
  A hound skeleton (D:5)
  4 howler monkey zombies
  10 gnolls
  A howler monkey skeleton (D:5)
  4 adders
  A steam dragon skeleton (Crypt:1)
  3 white imps
  3 ufetubi
  An adder zombie (D:3)
  An iguana skeleton (Crypt:1)
  A dart slug (D:5)
  A worm (D:5)
  122 orcs
  5 bats
  12 endoplasms
  3 giant cockroaches
  11 goblins
  3 hobgoblins
  3 jackals (D:3)
  15 kobolds
  2 quokkas
  8 ball pythons
  A frilled lizard (D:1)
  A hobgoblin zombie (Crypt:2)
  2 rats
  12 butterflies (Vaults:1)
  6 starspawn tentacles (Abyss:5)
  3 tentacles (Shoals:1)
2443 creatures vanquished.

Vanquished Creatures (others)
  A lich (Depths:2)
  A deep elf master archer (Elf:3)
  A tengu reaver (Vaults:4)
  An emperor scorpion (Spider:3)
  A quicksilver ooze (Slime:4)
  2 ironbound preservers
  A very ugly thing (Depths:1)
  A broodmother (Spider:1)
  A deep elf demonologist (Elf:3)
  A deep elf annihilator (Elf:3)
  2 spark wasps
  A spriggan zombie (D:15)
  An ice dragon (Depths:3)
  2 centaur warriors
  A merfolk aquamancer (Shoals:3)
  A deep troll earth mage (Depths:4)
  A death scarab (Spider:1)
  2 death yaks
  2 deep elf knights (Elf:2)
  3 skeletal warriors
  2 flayed ghosts
  3 deep trolls
  A sea snake (Shoals:3)
  A bog body (Crypt:2)
  2 deep elf zephyrmancers
  A harpy (Shoals:2)
  An orc knight (Vaults:2)
  2 wolf spiders
  A manticore (Shoals:2)
  2 cane toads
  A demonic crawler (Spider:2)
  A yaktaur (Vaults:3)
  A troll (Orc:1)
  3 merfolk
  5 slime creatures
  2 tarantellas
  A dream sheep (Lair:6)
  A jumping spider (Spider:1)
  A water elemental (Shoals:4)
  2 redbacks
  3 orc warriors
  A wolf (Lair:5)
  An earth elemental (Elf:1)
  An orc priest (D:15)
  An orc wizard (Orc:1)
  An orc (D:15)
  55 fungi
  130 plants
  14 starspawn tentacles
  12 tentacles (Shoals:1)
  13 withered plants
293 creatures vanquished.

Grand Total: 2736 creatures vanquished

Notes
Turn   | Place    | Note
-------+----------+-------------------------------------------
     0 | D:1      | CryoSword the Ghoul Earth Elementalist began the quest for
                  | the Orb.
     0 | D:1      | Reached XP level 1. HP: 14/14 MP: 2/2
    94 | D:1      | Found a faded altar of an unknown god.
   963 | D:1      | Reached XP level 2. HP: 18/20 MP: 3/3
   966 | D:1      | Learned a level 2 spell: Passwall
  2488 | D:2      | Reached XP level 3. HP: 23/26 MP: 4/4
  2607 | D:3      | Noticed a bullfrog
  2609 | D:3      | Killed a bullfrog
  2610 | D:3      | Reached skill level 1 in Fighting
  2610 | D:3      | Reached skill level 1 in Staves
  2610 | D:3      | Reached skill level 1 in Conjurations
  2610 | D:3      | Reached skill level 1 in Evocations
  2610 | D:3      | Reached XP level 4. HP: 29/35 MP: 2/6
  2816 | D:3      | Noticed Cykl0x's ghost (amateur GrEE)
  2817 | D:3      | Found a transporter.
  2820 | D:3      | Found a transporter.
  3112 | D:3      | Reached XP level 5. HP: 40/40 MP: 3/7
  3151 | D:3      | Noticed Natasha
  3167 | D:3      | Killed Natasha
  3431 | D:3      | Learned a level 3 spell: Stone Arrow
  3630 | D:3      | Noticed Natasha
  3815 | D:3      | Killed Natasha
  3923 | D:3      | Found a runed translucent door.
  3924 | D:3      | Noticed Crazy Yiuf
  3939 | D:3      | Noticed Natasha
  3942 | D:3      | Killed Natasha
  4096 | D:3      | Killed Crazy Yiuf
  4097 | D:3      | Reached XP level 6. HP: 48/48 MP: 4/8
  4503 | D:4      | Noticed Edmund
  4544 | D:4      | Reached skill level 2 in Fighting
  5021 | D:5      | Entered Level 5 of the Dungeon
  5138 | D:5      | Reached skill level 5 in Earth Magic
  5138 | D:5      | Reached XP level 7. HP: 32/55 MP: 2/9
  6238 | D:6      | Found Cifeenic's Antique Weapon Shop.
  6412 | D:6      | Reached skill level 3 in Fighting
  6412 | D:6      | Reached XP level 8. HP: 63/63 MP: 3/10
  7436 | D:6      | Noticed a troll
  7439 | D:6      | Killed a troll
  7646 | D:6      | Noticed Blork the orc
  7652 | D:6      | Killed Blork the orc
  7761 | D:6      | Reached XP level 9. HP: 71/71 MP: 7/11
  7803 | D:6      | Reached skill level 4 in Fighting
  8257 | D:7      | Found an opulent altar of Gozag.
  8310 | D:7      | Reached skill level 5 in Staves
  8820 | D:7      | Found a staircase to the Ecumenical Temple.
  8916 | Temple   | Entered the Ecumenical Temple
  8971 | Temple   | Became a worshipper of Ru the Awakened
  9278 | D:6      | Found Cifeenic's Antique Weapon Shop.
  9996 | D:4      | Killed Edmund
 10179 | D:8      | Noticed a hornet
 10630 | D:8      | Killed a hornet
 10807 | D:8      | Found a flagged portal.
 10811 | D:8      | Gained mutation: You cannot be stealthy. [Ru sacrifice]
 10813 | Bailey   | Entered a bailey
 11313 | Bailey   | Noticed an orc knight
 11375 | Bailey   | Reached skill level 5 in Conjurations
 11644 | Bailey   | Killed an orc knight
 11645 | Bailey   | Reached skill level 5 in Fighting
 11645 | Bailey   | Reached XP level 10. HP: 81/81 MP: 0/13
 13562 | D:8      | Learned a level 4 spell: Petrify
 13673 | D:9      | Reached skill level 1 in Transmutations
 13870 | D:9      | Reached skill level 5 in Evocations
 14774 | D:10     | Entered Level 10 of the Dungeon
 14779 | D:10     | Noticed a gargoyle
 14828 | D:10     | Noticed Maggie
 15154 | D:10     | Killed Maggie
 15321 | D:10     | Reached skill level 1 in Armour
 16017 | D:10     | Killed a gargoyle
 16465 | D:11     | Noticed a two-headed ogre
 16471 | D:11     | Killed a two-headed ogre
 16472 | D:11     | Reached XP level 11. HP: 89/89 MP: 0/14
 16575 | D:11     | Noticed Sonja
 16580 | D:11     | Killed Sonja
 16581 | D:11     | Reached skill level 6 in Fighting
 16639 | D:11     | Found Muocon's Magic Scroll Shoppe.
 16654 | D:11     | Bought a scroll of enchant armour for 105 gold pieces
 16654 | D:11     | Bought a scroll of fear for 49 gold pieces
 16654 | D:11     | Bought a scroll of identify for 28 gold pieces
 16735 | D:11     | Noticed Gastronok
 16841 | D:11     | Found a staircase to the Orcish Mines.
 17047 | D:11     | Noticed Psyche
 17068 | D:11     | Killed Psyche
 17418 | D:11     | Noticed a sun demon
 17613 | D:11     | Reached skill level 10 in Earth Magic
 17954 | D:11     | Killed Gastronok
 17999 | D:11     | Found a staircase to the Lair.
 18386 | Lair:1   | Entered Level 1 of the Lair of Beasts
 19020 | Lair:1   | Reached XP level 12. HP: 95/97 MP: 5/15
 19331 | Lair:1   | Gained mutation: You are missing an eye, making it more
                  | difficult to aim. [Ru sacrifice]
 19331 | Lair:1   | Reached * piety under Ru
 20254 | Lair:2   | Reached skill level 7 in Fighting
 21088 | Lair:3   | Noticed a six-headed hydra
 22140 | Lair:3   | Killed a six-headed hydra
 22196 | Lair:3   | Noticed a death yak
 22200 | Lair:3   | Noticed a death yak
 22201 | Lair:3   | Noticed a death yak
 22201 | Lair:3   | Noticed a death yak
 22226 | Lair:2   | Killed a death yak
 22329 | Lair:3   | Found a staircase to the Shoals.
 22630 | Lair:2   | Killed a death yak
 22942 | Lair:3   | Gained mutation: You are weak. (Str -2) [Ru sacrifice]
 22942 | Lair:3   | Reached ** piety under Ru
 23157 | Lair:3   | Reached skill level 5 in Dodging
 23766 | Lair:4   | Identified the +9 plate armour of Masochism {Int+3}
 23915 | Lair:4   | Found a snail-covered altar of Cheibriados.
 23933 | Lair:4   | Noticed a death yak
 23933 | Lair:4   | Noticed a death yak
 23962 | Lair:4   | Killed a death yak
 24171 | Lair:3   | Killed a death yak
 24338 | Lair:3   | Killed a death yak
 24339 | Lair:3   | Reached skill level 5 in Transmutations
 24339 | Lair:3   | Reached XP level 13. HP: 107/107 MP: 0/16
 24666 | Lair:3   | Found a staircase to the Shoals.
 24965 | Lair:4   | Reached skill level 8 in Fighting
 25733 | Lair:4   | Gained mutation: You are somewhat unskilled. (-1 Apt) [Ru
                  | sacrifice]
 25733 | Lair:4   | Reduced skill Fighting to level 7
 25733 | Lair:4   | Reduced skill Evocations to level 5
 25733 | Lair:4   | Reached *** piety under Ru
 26716 | Lair:4   | Found a hole to the Spider Nest.
 27206 | Lair:5   | Reached skill level 5 in Transmutations
 28345 | Lair:5   | Reached skill level 5 in Armour
 28406 | Lair:4   | Gained mutation: You cannot train Dodging skill. [Ru
                  | sacrifice]
 28406 | Lair:4   | Reached **** piety under Ru
 29225 | Lair:5   | Reached skill level 8 in Fighting
 30283 | Lair:5   | Reached XP level 14. HP: 110/115 MP: 0/19
 30722 | Lair:5   | Found a staircase to the Slime Pits.
 31136 | Lair:6   | Entered Level 6 of the Lair of Beasts
 32693 | Lair:6   | Found a runed translucent door.
 32693 | Lair:6   | Found a shimmering altar of Xom.
 32693 | Lair:6   | Noticed CryoSword's ghost (journeyman VSBr)
 32694 | Lair:6   | Identified the +7 demon trident of the Modern Allies
                  | {chaos, rF+}
 35926 | D:12     | Noticed Jorgrun
 35943 | D:12     | Killed Jorgrun
 37052 | D:13     | Noticed Rupert
 37061 | D:12     | Reached skill level 10 in Staves
 37473 | D:13     | Noticed an ironbound preserver
 37475 | D:13     | Found a gate to the Vaults.
 37616 | D:13     | Reached skill level 9 in Fighting
 37736 | D:13     | Noticed Erolcha
 37739 | D:13     | Killed Erolcha
 37821 | D:13     | Reached skill level 5 in Spellcasting
 38243 | D:13     | Noticed a juggernaut
 38818 | D:13     | Killed an ironbound preserver
 38819 | D:13     | Reached XP level 15. HP: 108/124 MP: 0/21
 38860 | D:13     | Noticed a quicksilver dragon
 38860 | D:13     | an iron troll changed into a quicksilver dragon
 38888 | D:13     | HP: 4/118 [quicksilver dragon (shapeshifter)/bolt of
                  | dispelling energy (25)]
 38890 | D:13     | Killed a quicksilver dragon
 39307 | Orc:1    | Entered Level 1 of the Orcish Mines
 39313 | D:11     | Gained mutation: You are hated by all. [Ru sacrifice]
 39313 | D:11     | Reached ***** piety under Ru
 40803 | Orc:2    | Entered Level 2 of the Orcish Mines
 41283 | Orc:2    | Noticed Josephine
 41477 | Orc:2    | Killed Josephine
 41583 | Orc:2    | Found Guxtostre's Antique Armour Shop.
 41742 | Orc:2    | Bought a pair of glowing gloves for 225 gold pieces
 41809 | Orc:2    | Found a staircase to the Elven Halls.
 41853 | Orc:2    | Gained mutation: You are dopey. (Int -2) [Ru sacrifice]
 41853 | Orc:2    | Reached ****** piety under Ru
 42692 | Orc:2    | Noticed Urug
 42696 | Orc:2    | Killed Urug
 42984 | Orc:2    | Noticed an orc warlord
 43006 | Orc:2    | Killed an orc warlord
 43737 | Orc:2    | Found Wuxoxzor's Antique Armour Shop.
 43739 | Orc:2    | Found Paciffae's Antique Weapon Boutique.
 43746 | Orc:2    | Bought a masterwork mace for 272 gold pieces
 43746 | Orc:2    | Identified the +3 mace of Luquferoyt {vorpal, rPois Str+3}
                  | (You bought it in a shop on level 2 of the Orcish Mines)
 43752 | Orc:2    | Bought a pair of runed boots for 225 gold pieces
 43752 | Orc:2    | Bought a heavily runed ring mail for 270 gold pieces
 43752 | Orc:2    | Identified the +1 ring mail "Vufoth" {Harm Str+3} (You
                  | bought it in a shop on level 2 of the Orcish Mines)
 43752 | Orc:2    | Bought a pair of embroidered gloves for 225 gold pieces
 43841 | Orc:2    | Found Ybuill's Antique Weapon Emporium.
 44114 | Orc:2    | Bought a masterwork battleaxe for 333 gold pieces
 44114 | Orc:2    | Identified the +5 battleaxe "Xugoalo" {flame, rC- rN++}
                  | (You bought it in a shop on level 2 of the Orcish Mines)
 44737 | Orc:2    | Bought a brightly glowing leather armour for 210 gold
                  | pieces
 44737 | Orc:2    | Identified the +1 leather armour "Naegozu" {Will+} (You
                  | bought it in a shop on level 2 of the Orcish Mines)
 44788 | D:11     | Bought a scroll of enchant weapon for 105 gold pieces
 44788 | D:11     | Bought a scroll of enchant armour for 105 gold pieces
 44788 | D:11     | Bought a scroll of enchant armour for 105 gold pieces
 44940 | Lair:6   | Learned a level 5 spell: Borgnjor's Vile Clutch
 45425 | D:14     | Reached skill level 1 in Maces & Flails
 45745 | D:14     | Reached skill level 1 in Shields
 46795 | D:14     | Got Sif Muna's Handbook of Combed Thunderclap
 47242 | D:14     | Got Ts'ui Pên's Papyrus of Forking Paths
 47449 | D:14     | Learned a level 5 spell: Lee's Rapid Deconstruction
 47648 | D:14     | Upgraded the game from 0.28.0-47-ge53b351184 to
                  | 0.28.0-49-g6dfe1f597d
 47657 | D:15     | Entered Level 15 of the Dungeon
 47657 | D:15     | Noticed Artemis2's ghost (adept DrCj)
 47657 | D:15     | Found a runed translucent gate.
 47657 | D:15     | Found a runed translucent gate.
 47657 | D:15     | Found a runed translucent gate.
 47780 | D:15     | Found a staircase to the Depths.
 47816 | D:14     | HP: 4/117 [freezing wraith (8)]
 48932 | D:15     | Reached skill level 10 in Fighting
 49084 | D:15     | Reached XP level 16. HP: 119/134 MP: 3/24
 50546 | D:11     | Bought a scroll of blinking for 105 gold pieces
 50546 | D:11     | Bought a scroll of blinking for 105 gold pieces
 51129 | D:3      | Killed Cykl0x's ghost
 51504 | Spider:1 | Entered Level 1 of the Spider Nest
 52610 | D:15     | Killed Artemis2's ghost
 53092 | Spider:1 | HP: 5/104 [disintegration (47)]
 55852 | D:11     | Bought a scroll of blinking for 105 gold pieces
 56065 | Spider:2 | Identified Roxanne's Guide on Clay
 56065 | Spider:2 | Noticed Roxanne
 57441 | Spider:2 | Reached skill level 5 in Maces & Flails
 60460 | Spider:2 | Reached XP level 17. HP: 135/136 MP: 15/25
 65032 | Spider:3 | Reached skill level 5 in Shields
 65807 | Spider:4 | Entered Level 4 of the Spider Nest
 68128 | Spider:4 | Reached skill level 11 in Fighting
 71509 | Spider:4 | Reached XP level 18. HP: 131/133 MP: 8/27
 72491 | Spider:4 | Got a gossamer rune of Zot
 72927 | Orc:2    | Bought a glowing scale mail for 210 gold pieces
 73128 | Shoals:1 | Entered Level 1 of the Shoals
 73839 | Shoals:1 | Found a transporter.
 74071 | Shoals:1 | Found a transporter.
 74072 | Shoals:1 | Noticed CryoSword's ghost (adept DsMo)
 74293 | Shoals:1 | Reached skill level 15 in Earth Magic
 75451 | Shoals:2 | Noticed Polyphemus
 75672 | Shoals:1 | Killed Polyphemus
 77828 | Shoals:2 | Found a runed translucent door.
 77828 | Shoals:2 | Found a shimmering altar of Xom.
 77828 | Shoals:2 | Noticed Aral's ghost (adept MiBe)
 79357 | Shoals:2 | Identified the +1 scale mail of the Breadfruit {Harm rN+
                  | Str-3}
 81640 | Shoals:4 | Entered Level 4 of the Shoals
 82467 | Shoals:3 | Reached skill level 12 in Fighting
 82571 | Shoals:4 | Reached skill level 1 in Polearms
 83247 | Shoals:4 | Identified the amulet "Biabb" {rF+ Regen+ Str+7 Slay+3}
 83261 | Shoals:4 | Reached XP level 19. HP: 140/143 MP: 1/29
 84054 | Shoals:4 | Got a barnacled rune of Zot
 86081 | Shoals:4 | Reached skill level 5 in Polearms
 86607 | Shoals:4 | Found the +7 pair of quick blades "Gyre" and "Gimble"
                  | {protect}
 86618 | Shoals:4 | Identified the +8 dagger of Sudden Death {chaos, rF+ Int+3}
 86992 | Shoals:4 | Reached skill level 1 in Short Blades
 88055 | Vaults:1 | Entered Level 1 of the Vaults
 89811 | D:13     | Reached skill level 5 in Short Blades
 89830 | Vaults:1 | Noticed Asterion
 89842 | Vaults:1 | Killed Asterion
 90044 | Vaults:1 | Found a huge runed gate.
 90044 | Vaults:1 | Found a huge runed gate.
 90044 | Vaults:1 | Found a huge runed gate.
 90044 | Vaults:1 | Found a huge runed gate.
 90044 | Vaults:1 | Found a huge runed gate.
 90044 | Vaults:1 | Found a huge runed gate.
 90044 | Vaults:1 | Found a huge runed gate.
 90059 | Vaults:1 | Found a huge runed gate.
 90059 | Vaults:1 | Found a huge runed gate.
 90059 | Vaults:1 | Found a huge runed gate.
 90286 | Vaults:1 | Reached skill level 13 in Fighting
 90778 | Vaults:1 | Found a huge runed gate.
 90778 | Vaults:1 | Found a huge runed gate.
 90778 | Vaults:1 | Found a huge runed gate.
 90778 | Vaults:1 | Found a huge runed gate.
 90778 | Vaults:1 | Found a huge runed gate.
 90778 | Vaults:1 | Found a huge runed gate.
 90779 | Vaults:1 | Found a huge runed gate.
 90780 | Vaults:1 | Found a huge runed gate.
 90781 | Vaults:1 | Found a huge runed gate.
 90789 | Vaults:1 | Found a huge runed gate.
 90789 | Vaults:1 | Found a huge runed gate.
 90789 | Vaults:1 | Found a huge runed gate.
 90789 | Vaults:1 | Found a huge runed gate.
 90789 | Vaults:1 | Found a huge runed gate.
 90789 | Vaults:1 | Found a huge runed gate.
 90790 | Vaults:1 | Found a huge runed gate.
 90816 | Vaults:1 | Found a huge runed gate.
 90817 | Vaults:1 | Found a huge runed gate.
 90825 | Vaults:1 | Found a huge runed gate.
 90825 | Vaults:1 | Found a huge runed gate.
 90825 | Vaults:1 | Found a huge runed gate.
 90825 | Vaults:1 | Found a huge runed gate.
 90825 | Vaults:1 | Found a huge runed gate.
 90825 | Vaults:1 | Found a huge runed gate.
 90826 | Vaults:1 | Found a huge runed gate.
 90827 | Vaults:1 | Found a huge runed gate.
 90952 | Vaults:2 | Reached XP level 20. HP: 171/171 MP: 30/30
 91018 | Vaults:2 | Noticed Sojobo
 91018 | Vaults:2 | Noticed Agnes
 91033 | Vaults:2 | Killed Agnes
 91152 | Vaults:1 | Killed Sojobo
 91955 | Vaults:2 | Found Ehaddyt's Magic Scroll Boutique.
 92153 | Vaults:2 | Bought a scroll of teleportation for 39 gold pieces
 92153 | Vaults:2 | Bought a scroll of enchant weapon for 97 gold pieces
 92153 | Vaults:2 | Bought a scroll of teleportation for 39 gold pieces
 92153 | Vaults:2 | Bought a scroll of enchant armour for 97 gold pieces
 92230 | Vaults:2 | Reached skill level 14 in Fighting
 93288 | Vaults:3 | Found Alex Pah's Antique Weapon Shoppe.
 93668 | Vaults:3 | Found a staircase to the Crypt.
 93767 | Vaults:3 | Found a portal to a secret trove of treasure.
 93878 | Vaults:3 | Reached skill level 15 in Fighting
 94099 | Vaults:3 | HP: 5/173 [deep troll[an ironbound preserver] (9)]
 94268 | Vaults:3 | Reached XP level 21. HP: 179/180 MP: 31/31
 94560 | Vaults:3 | Reached skill level 1 in Axes
 94690 | Vaults:3 | Paralysed by a great orb of eyes for 5 turns
 95514 | Vaults:4 | Reached skill level 16 in Fighting
 95517 | Vaults:4 | Found the +8 glaive of the Guard {elec, spectral, AC+5}
 95765 | Vaults:4 | Reached skill level 10 in Armour
 96927 | Vaults:5 | Entered Level 5 of the Vaults
 96927 | Vaults:5 | Noticed a dread lich
 97038 | D:13     | Killed Rupert
 97451 | Elf:1    | Entered Level 1 of the Elven Halls
 97489 | Elf:1    | Found a radiant altar of Vehumet.
 97510 | Elf:1    | Reached skill level 17 in Fighting
 97510 | Elf:1    | Reached XP level 22. HP: 123/199 MP: 18/33
 97680 | Elf:1    | Cast into level 3 of the Abyss (a deep elf demonologist)
 98077 | Elf:1    | Escaped the Abyss
 98558 | Elf:1    | Paralysed by an air elemental for 1 turns
 98560 | Elf:1    | Paralysed by an air elemental for 1 turns
 98627 | Elf:1    | Found Xeukost's Assorted Antiques.
 98858 | Elf:1    | Paralysed by an air elemental for 1 turns
 99093 | Elf:1    | Learned a level 5 spell: Irradiate
 99264 | Elf:2    | Found an ancient bone altar of Kikubaaqudgha.
 99622 | Elf:2    | Found a corrupted altar of Lugonu.
 99854 | Elf:2    | Found a runed translucent gate.
 99855 | Elf:2    | Found a runed translucent gate.
 99855 | Elf:2    | Found a runed translucent gate.
100392 | Elf:3    | Entered Level 3 of the Elven Halls
100392 | Elf:3    | Noticed Bai Suzhen
100555 | Elf:3    | Killed Bai Suzhen
101222 | Elf:3    | Paralysed by an air elemental for 1 turns
101229 | Elf:3    | Paralysed by an air elemental for 1 turns
101238 | Elf:3    | Paralysed by an air elemental for 1 turns
101243 | Elf:3    | Paralysed by an air elemental for 1 turns
101245 | Elf:3    | Paralysed by an air elemental for 1 turns
102010 | Elf:3    | Reached skill level 10 in Polearms
102042 | Elf:3    | Reached skill level 18 in Fighting
102050 | Elf:3    | Identified the +0 robe of the Slightly Bent {Int+2}
102070 | Elf:3    | Reached XP level 23. HP: 207/208 MP: 29/34
102639 | Elf:3    | Identified the +11 falchion of Zeddugun {flame, rC+ Will+}
102811 | Elf:3    | Identified the +7 great sword "Killer Klown's Doom"
                  | {vorpal, rN+ Str+8 Stlth-}
102816 | Elf:3    | Identified the ring "Iclill" {rF+ rC- rCorr Str+6}
102850 | Elf:3    | Identified the +8 quarterstaff of Impermanence {freeze, rN+
                  | rCorr}
103298 | Depths:1 | Entered Level 1 of the Depths
103641 | D:13     | Found a gate to the Vaults.
104259 | D:13     | Found a gate to the Vaults.
104815 | D:13     | Found a gate to the Vaults.
105177 | Lair:6   | Killed CryoSword's ghost
105266 | Shoals:1 | Killed Aral's ghost
105292 | Shoals:1 | Killed CryoSword's ghost
105341 | Shoals:1 | Identified the ring of Yhieniedd {Wiz rPois MP+9 Str-3
                  | Dex+5}
105754 | Spider:2 | Killed Roxanne
105787 | Spider:2 | Learned a level 6 spell: Iron Shot
105790 | Spider:2 | Learned a level 2 spell: Blink
106067 | Depths:1 | Found a gateway to Hell.
107242 | Depths:1 | Reached skill level 19 in Fighting
107559 | Depths:2 | Noticed Mara
107561 | Depths:2 | Noticed CryoSword's illusion
107696 | Depths:2 | Noticed CryoSword's illusion
107705 | Depths:2 | Killed Mara
107915 | Depths:2 | Found an ancient bone altar of Kikubaaqudgha.
108409 | Depths:2 | Found a one-way gateway to a ziggurat.
108820 | Depths:2 | Found a one-way gate leading to the halls of Pandemonium.
108894 | Depths:2 | Noticed a golden dragon
108901 | Depths:2 | Killed a golden dragon
109352 | Depths:3 | Noticed a golden dragon
109357 | Depths:3 | Killed a golden dragon
109419 | Depths:3 | Found a one-way gate to the infinite horrors of the Abyss.
109481 | Depths:3 | Reached XP level 24. HP: 217/223 MP: 34/34
109630 | Depths:3 | Reached skill level 20 in Fighting
109658 | Depths:3 | Noticed a juggernaut
109661 | Depths:3 | Noticed a caustic shrike
109909 | Depths:3 | Noticed a juggernaut
109924 | Depths:3 | Killed a juggernaut
110035 | Depths:3 | Killed a juggernaut
110553 | Depths:3 | Found the necklace of Bloodlust {*Rage Will++ Int-3 Slay+6}
110576 | Depths:3 | Got Sif Muna's Catalogue of Damaging Flight
110586 | Depths:3 | Identified the ring of Poutt {Wiz Str+7}
110688 | Depths:2 | HP: 8/216 [acid (8)]
110691 | Depths:2 | Killed a caustic shrike
111271 | Depths:3 | Noticed the Enchantress
111277 | Depths:3 | Killed the Enchantress
111960 | Vaults:3 | You paid a toll of a +7 demon trident to enter a treasure
                  | trove
111961 | Trove    | Entered a treasure trove
111976 | Trove    | Found the ring of the Mage {Wiz Archmagi}
111977 | Trove    | Identified the ring "Wyceer" {Drain rF+ rN+ rCorr}
112006 | Trove    | Identified the +3 lajatang of Linaguxt {pain, MP+9}
112536 | Depths:3 | Reached XP level 25. HP: 221/221 MP: 34/34
112635 | Depths:4 | Entered Level 4 of the Depths
112649 | Depths:4 | Reached skill level 21 in Fighting
112816 | Depths:4 | Found a gate to the Realm of Zot.
112992 | Depths:4 | Found a magical portal.
113007 | WizLab   | Entered Wucad Mu's Monastery
113125 | WizLab   | Found the +9 staff of Wucad Mu {*channel}
113186 | WizLab   | Reached skill level 15 in Polearms
113186 | WizLab   | Reached XP level 26. HP: 187/236 MP: 34/34
113767 | Depths:4 | Identified the +7 great sword of Ysouqezi {vorpal, +Blink
                  | Fly Str-2 SInv}
114751 | Crypt:1  | Entered Level 1 of the Crypt
115039 | Crypt:1  | Reached skill level 5 in Translocations
116040 | Crypt:1  | Reached XP level 27. HP: 178/251 MP: 34/34
117183 | Crypt:3  | Entered Level 3 of the Crypt
117993 | Crypt:3  | Found an ancient bone altar of Kikubaaqudgha.
118043 | Crypt:3  | Got the Reference Book on the Snowflakes and Poisoning
118052 | Crypt:3  | Noticed a dread lich
118062 | Crypt:3  | Killed a dread lich
118233 | Crypt:3  | Got the Compendium of Shape Shifting
118235 | Crypt:3  | Identified the ring of Qiolia {Drain rN+ Int+2 Dex+2}
118235 | Crypt:3  | Identified the ring "Jod Xeam" {rN+ Int+2}
118235 | Crypt:3  | Identified the ring "Cibosapn" {Contam Fly rElec rN+ Int+3
                  | Dex+4}
118315 | Crypt:3  | Reached skill level 22 in Fighting
118378 | Crypt:3  | Found a staircase to the Tomb.
119134 | Slime:1  | Entered Level 1 of the Pits of Slime
120130 | Slime:2  | HP: 10/254 [enormous slime creature (58)]
121078 | Slime:5  | Entered Level 5 of the Pits of Slime
122039 | Slime:5  | Noticed the Royal Jelly
122053 | Slime:5  | Killed the Royal Jelly
122257 | Slime:5  | Identified the +8 scale mail of the Lich-sworn {-Tele
                  | Rampage Will+}
122258 | Slime:5  | Found the +10 tower shield of Ignorance {rN+ Int-4}
122278 | Slime:5  | Reached skill level 15 in Armour
122350 | Slime:5  | Identified the +6 long sword of Ohik Qaff {elec, *Slow
                  | rPois MP+9 Stlth-}
122504 | Slime:5  | Got The Advanced Guide to Casting
122506 | Slime:5  | Got a slimy rune of Zot
122546 | Slime:5  | Identified the +0 battleaxe "Coitz" {pain, Fly rPois Str-3
                  | SInv}
122571 | Slime:5  | Identified the +3 spear of Righteous Fury {freeze, rC+}
122595 | Slime:5  | Identified the +6 trident "Aky Duob" {venom, Dex+3}
123384 | Depths:3 | Identified the +3 steam dragon scales "Recoxa" {Dex+4}
124211 | Depths:3 | Voluntarily entered the Abyss.
124328 | Abyss:2  | Found a corrupted altar of Lugonu.
124815 | Abyss:3  | Found a corrupted altar of Lugonu.
124910 | Abyss:3  | Found a corrupted altar of Lugonu.
125140 | Abyss:5  | Entered Level 5 of the Abyss
125451 | Abyss:5  | Paralysed by accursed screaming for 1 turns
125495 | Abyss:5  | HP: 2/214 [dire elephant (9)]
125495 | Abyss:5  | Slain by a freezing wraith

Illustrated notes

Levels and vault maps discovered:
D:1:      dpeg_arrival_rhombi, layout_basic,
          shapermc_ecumenical_altar_notcrosses, roderic_lattice_a
D:2:      layout_basic, serial_aquarium, aquarium_bridge_island_small
          [aquarium_subvault_small_open, aquarium_subvault_window,
          aquarium_subvault_balcony, aquarium_subvault_wall,
          aquarium_subvault_bridge], aquarium_window_fake, aquarium_window_2,
          aquarium_window_1, aquarium_view_2d
D:3:      layout_loops_ring, gammafunk_ghost_arena, kennysheep_generic_room_14,
          uniq_natasha, uniq_crazy_yiuf_cottage
D:4:      layout_basic, minmay_fractal_squares_diagonal_5, uniq_edmund
D:5:      layout_gridville
D:6:      layout_gridville, serial_shops, nicolae_shop_waterfront,
          hangedman_decor_lopped, uniq_blork_the_orc
D:7:      layout_basic, kennysheep_mini_moat, minmay_temple_entry_tees
D:8:      hellmonk_crumbling_castle, layout_layer_cave, enter_bailey_3
D:9:      layout_cross, serial_co_window_serial, co_window_corner_a,
          co_window_corner_a, co_window_paths_a, co_window_corner_a,
          co_window_paths_b, co_window_corner_ca, co_window_corner_b,
          co_window_broadway_b, co_window_paths_e, co_window_paths_d,
          glass_columns_a, glass_columns_b
D:10:     layout_loops_ring, uniq_maggie
D:11:     layout_loops_ring, erik_lair_island, orc_0_dummy, serial_shops,
          shop_coins, uniq_psyche, uniq_gastronok, uniq_sonja
D:12:     layout_basic, hangedman_decor_clover_reticule, uniq_jorgrun
D:13:     layout_loops_ring, skrybe_vaults_entry_preservation, chequers_jeans,
          hex_medium, uniq_rupert, uniq_erolcha
D:14:     layout_loops_ring, corexii_leaking_fountain, st_stairs_4,
          bh_hangedman_babel_library
D:15:     gammafunk_depths_entry_grave, layout_stronghold,
          gauntlet_entry_generic, chequers_serial_rivers_small_3,
          biasface_ghost_orc_armoury, minmay_misc_feat_four_crosses
Temple:   compressed_dpeg_circular_temple
Lair:1:   layout_layer_cave
Lair:2:   layout_loops_ring
Lair:3:   layout_roguey, elwin_shoals_entry_stream, lemuel_fruit_tree,
          lemuel_fruit_fields, infiniplex_staircase_pool_2
Lair:4:   layout_gridlike, hellmonk_spider_entry_life_and_decay,
          kennysheep_snail_temple
Lair:5:   layout_layer_cave, minmay_slime_entry_jelly_boxes,
          grunt_forest_large_clearings, grunt_megastairs_1
Lair:6:   hangedman_lair_in_review, layout_small_grid, ebering_ghost_xom
Shoals:1: layout_shoals, ebering_ghost_davey_jones, nicolae_shoals_seven_spires
Shoals:2: layout_shoals, ebering_ghost_xom, centaur_isle, uniq_polyphemus
Shoals:3: layout_shoals, nicolae_shoals_aquamancer_cove
Shoals:4: shoals_end_simple, layout_shoals, hangedman_shoal_volcano
Spider:1: layout_spider_delve
Spider:2: layout_chambers, uniq_roxanne
Spider:3: layout_spider_delve
Spider:4: spider_rune_water, nicolae_spider_not_touching_you
Slime:1:  layout_caves
Slime:2:  layout_caves
Slime:3:  layout_caves, cheibrodos_slime_lost_civilization_7
Slime:4:  layout_caves, basic_altar
Slime:5
Orc:1:    layout_caves
Orc:2:    grunt_orc_community_town_hall, layout_caves,
          grunt_orc_community_big_house_1, grunt_orc_community_big_house_1,
          grunt_orc_community_house_1, grunt_orc_community_house_2,
          grunt_orc_community_house_2, grunt_orc_community_house_3,
          grunt_orc_community_house_1, uniq_josephine, uniq_urug
Elf:1:    eino_elf_arrival_altar, layout_rooms, serial_shops,
          nicolae_shop_overgrown_old_shop, minmay_elf_demonology,
          nicolae_elf_w_pinch
Elf:2:    nicolae_elf_blades_crystal_corner, layout_gridlike, basic_altar,
          minmay_misc_feat_alley, nicolae_elf_theology_debate
Elf:3:    elf_hall, layout_gridlike, drop_trap, uniq_bai_suzhen
Vaults:1: not_door_vault_mu, v_misc_31, dpeg_vaults_monster_row,
          hangedman_vaults_slither, hangedman_vaults_stretched_pinwheel,
          nicolae_vaults_yaktaur_gun_rack, v_misc_27, layout_vaults_omnigrid,
          uniq_asterion
Vaults:2: hangedman_vaults_unwind, vaults_room_large_hall,
          vaults_mumra_chevron_long, ontoclasm_vaults_idyll, v_misc_10,
          v_misc_19, hangedman_vaults_corner, hangedman_vaults_slice,
          hangedman_vaults_snaps, sword_in_stone,
          nicolae_vaults_mini_display_case, layout_vaults_chaotic_city,
          serial_shops, shop
Vaults:3: v_alt_pattern_2, vaults_room_grunt_arrival_ludios,
          ontoclasm_vaults_ring_large, vaults_mumra_minichess_inversion,
          vaults_room_large_hall, vaults_standard_mumra_x,
          vaults_standard_mumra_enter_the_diamond,
          minmay_crypt_entry_skeletal_spiral, ontoclasm_vaults_bender,
          nicolae_vaults_back_hallway, ontoclasm_vaults_ring_square,
          nicolae_vaults_little_squares_3, v_misc_30, vaults_room_pool,
          grunt_vaults_focal, layout_vaults_omnibox, serial_shops, shop,
          nicolae_trove_entry_free_sample
Vaults:4: v_alt_pattern_3, hangedman_vaults_pinch, ontoclasm_vaults_hangar,
          hangedman_vaults_cutoff, minmay_guarded_unrand_guard_vaults,
          vaults_dpeg_spiral, nicolae_vaults_big_angled_halls,
          nicolae_vaults_big_angled_halls, grunt_vaults_swirl,
          hangedman_vaults_restitches, vaults_mumra_hex,
          ontoclasm_vaults_ring_small, nicolae_vaults_rhombus_7,
          layout_vaults_ring
Vaults:5: serial_shops
Crypt:1:  layout_catacombs, serial_co_window_serial, co_window_cross_1,
          co_window_of_opportunity_a, co_window_paths_a, co_window_paths_a,
          co_window_corner_a, co_window_of_opportunity_c,
          co_window_of_opportunity_b, co_window_paths_c,
          co_window_of_opportunity_c, co_window_corner_cb,
          co_window_of_opportunity_b, co_window_4corner_a, co_window_sun,
          glass_columns_a, glass_columns_b, glass_columns_c, grunt_ministairs_10
Crypt:2:  minmay_shadows, layout_regular_city, amcnicky_mini_corridor_feature,
          lemuel_upstairs_altar
Crypt:3:  quadcrypt_mu
Depths:1: layout_honeycomb, lightli_too_deep, minmay_misc_feat_enclosed,
          lemuel_flamethrower_3, uniq_sojobo
Depths:2: minmay_triangles_in_corner, layout_honeycomb, enter_ziggurat_d,
          kiku_gazebo_garden_becter, hellmouth_3, grunt_pan_entry_spiral,
          uniq_mara
Depths:3: minmay_the_grid_3x3 [minmay_the_grid_eight,
          minmay_the_grid_medium_cups, minmay_the_grid_embedded,
          minmay_the_grid_tiny_cups, minmay_the_grid_zigzag_pyramid,
          minmay_the_grid_outer_diamond, minmay_the_grid_rooms,
          minmay_the_grid_minigrid_large, minmay_the_grid_prize_trominoes],
          layout_twisted_cross, hangedman_abyss_entry_splay,
          grunt_pan_entry_sceptre, grunt_hell_entry_dis_mu, uniq_enchantress
Depths:4: evilmike_zot_entry_round, layout_gridlike, pf_coc_iceberg,
          hangedman_abyss_or_decor_stabs, mu_enter_wizlab_3
Abyss:5:  base: D:2, evilmike_nicolae_abyss_rune_containment_curve,
          evilmike_abyss_exit_12, evilmike_abyss_exit_mutagenic,
          serial_sigils_hangedman_quiver, guppyfry_abyss_exit_imp_island,
          nicolae_abyss_rune_star_stuff, evilmike_abyss_exit_15,
          nicolae_abyss_rune_left_handed, evilmike_abyss_exit_6,
          evilmike_abyss_rune_elephants_shrine

Skill      XL: |  1  2  3  4  5  6  7  8  9 10 11 12 13 14 15 16 17 18 19 20 21 22 23 24 25 26 27 |
---------------+----------------------------------------------------------------------------------+-----
Fighting       | 1 2 3 5 6 7 8 9 10 11 12 13 15 17 18 19 20 21 22 | 22.2
Staves         | 1 2 3 4 6 7 8 9 10 12 | 12.4
Dodging        | 2 4 5 0 |  0.0
Spellcasting   | 2 3 4 5 6 7 8 |  8.0
Conjurations   | 1 2 3 5 6 7 7 8 9 |  9.0
Earth Magic    | 4 5 6 8 9 10 11 12 14 15 16 | 16.0
Evocations     | 1 2 3 4 5 6 5 6 7 |  7.0
Stealth        | 0 |  0.0
Transmutations | 2 3 5 5 6 8 |  8.0
Armour         | 1 3 4 5 6 7 8 9 10 11 12 13 15 | 15.0
Maces & Flails | 2 5 7 9 |  9.1
Shields        | 2 4 5 6 |  6.7
Polearms       | 2 5 7 10 12 14 15 17 | 17.4
Short Blades   | 6 8 |  8.0
Axes           | 3 |  3.8
Translocations | 4 5 6 |  6.0
Unarmed Combat | |  0.1

Action                   |  1- 3 |  4- 6 |  7- 9 | 10-12 | 13-15 | 16-18 | 19-21 | 22-24 | 25-27 || total
-------------------------+-------+-------+-------+-------+-------+-------+-------+-------+-------++-------
Melee: Unarmed           |    15 |       |       |       |       |       |       |       |       ||    15
       Staff             |    48 |   130 |   113 |   208 |   475 |   804 |    48 |       |       ||  1826
       Punch             |       |     4 |     4 |     3 |     8 |       |       |       |       ||    19
       Morningstar       |       |       |       |       |   149 |   403 |       |       |       ||   552
       Pair of quick bla |       |       |       |       |       |       |   786 |       |       ||   786
       Demon trident     |       |       |       |       |       |       |   124 |       |       ||   124
       Lajatang          |       |       |       |       |       |       |  1261 |    61 |       ||  1322
       Glaive            |       |       |       |       |       |       |       |  1029 |  1270 ||  2299
Throw: Dart              |       |       |       |       |     4 |       |       |       |       ||     4
       Throwing net      |       |       |       |       |       |       |     1 |     1 |     1 ||     3
 Cast: Sandblast         |    13 |    57 |    67 |    89 |   375 |   162 |    26 |       |       ||   789
       Stone Arrow       |       |     3 |    93 |   219 |   582 |   632 |   175 |       |     1 ||  1705
       Petrify           |       |       |       |       |     1 |     1 |       |       |       ||     2
       Lee's Rapid Decon |       |       |       |       |       |   179 |    21 |     9 |     4 ||   213
       Passwall          |       |       |       |       |       |       |       |     1 |     2 ||     3
       Irradiate         |       |       |       |       |       |       |       |       |     1 ||     1
Invok: Sacrifice Stealth |       |       |     1 |       |       |       |       |       |       ||     1
       Reject Sacrifices |       |       |       |     1 |     1 |       |       |       |       ||     2
       Sacrifice Purity  |       |       |       |     1 |     1 |       |       |       |       ||     2
       Sacrifice an Eye  |       |       |       |     1 |       |       |       |       |       ||     1
       Draw Out Power    |       |       |       |       |    13 |    19 |     2 |     2 |     1 ||    37
       Power Leap        |       |       |       |       |     9 |    50 |    12 |     1 |     5 ||    77
       Sacrifice Nimblen |       |       |       |       |     1 |       |       |       |       ||     1
       Sacrifice Skill   |       |       |       |       |     1 |       |       |       |       ||     1
       Apocalypse        |       |       |       |       |     2 |     5 |     7 |     4 |     2 ||    20
       Sacrifice Love    |       |       |       |       |     1 |       |       |       |       ||     1
Evoke: Wand              |       |       |     3 |    15 |    15 |    13 |       |       |       ||    46
       Condenser vane    |       |       |       |       |       |       |       |       |     1 ||     1
  Use: Scroll            |       |     6 |     3 |     5 |    19 |    15 |     7 |    13 |    11 ||    79
       Potion            |       |       |     2 |       |     5 |    12 |     3 |     3 |     8 ||    33
 Stab: Sleeping          |     3 |     1 |       |       |       |       |       |       |       ||     4
       Paralysed         |       |       |     6 |       |    10 |    10 |    39 |     7 |     5 ||    77
       Invisible         |       |       |       |       |     8 |    20 |    28 |     4 |     7 ||    67
       Distracted        |       |       |       |       |     3 |    13 |     9 |    11 |    25 ||    61
       Held in net/web   |       |       |       |       |       |       |     2 |       |       ||     2
Armor: Robe              |    20 |    30 |    47 |    25 |       |       |       |       |       ||   122
       Swamp dragon scal |       |       |       |   113 |   457 |   724 |       |       |       ||  1294
       Plate armour      |       |       |       |       |   229 |   630 |  1497 |   603 |   861 ||  3820
Dodge: Dodged            |    61 |   104 |   124 |   162 |   535 |   965 |   557 |   202 |   276 ||  2986
       Repelled          |       |       |       |       |       |    12 |    11 |    14 |    15 ||    52
Block: Buckler           |       |       |       |       |    48 |   522 |    49 |       |       ||   619
